Map: Frostline LE

Players

RadAir

  • Race: Protoss Protoss
  • League: Diamond
  • Spawn Location: 7:00

wootwoot - Winner!

  • Race: Zerg Zerg
  • League: Diamond
  • Spawn Location: 1:00

VOD

Have the link to the VOD?

Description

Time

  • Played on: April 22, 2025, 6:38 a.m.
  • Length: 2:32
Show
View Real Time Build Order
Export as new Build Order

RadAir Protoss 

Build Orders:  

Get SALT Encoding   

  12  0:00  Probe  
  13  0:12  Probe  
  14  0:20  Pylon  
  14  0:25  Probe  
  15  0:36  Probe  
  15  0:41  Gateway  
  16  0:44  Probe  
  16  0:49  Assimilator  
  17  0:52  Probe  
  18  1:04  Probe  
  19  1:16  Probe  
  20  1:28  Cybernetics Core  
  20  1:29  Zealot  
  22  1:33  Probe  
  23  1:50  Pylon  
  23  1:57  Pylon  
  23  2:00  Gateway  
  23  2:02  Gateway, Probe  
Show
View Real Time Build Order
Export as new Build Order

wootwoot Zerg - Winner!

Build Orders: Pool Only 

Get SALT Encoding   

  12  0:18  Spawning Pool  
  12  0:21  Drone  
  12  0:26  Drone  
  13  0:30  Drone  
  14  0:39  Overlord  
  14  1:04  Zergling x2  
  14  1:05  Zergling x4  
  17  1:16  Zergling x2  
  18  1:26  Zergling x2  
  19  1:41  Zergling x2  
  20  1:48  Zergling x2  
Tags
 
Matchup
PvZ
Opening
Pool Only
Replay Pack
#1B2M-Replays
Spawn Locations
Cross Positions
Add a new tag
Caveats
  • Supply blocks, unpowered buildings, or Contaminate may cause inaccurate times.
  • Supply counts are checked every 10 seconds.